 Dungeon Crawl Stone Soup version 0.24.0-123-gd5b16e6ec5 (webtiles) character file.

Game seed: 9712920828552091828, levelgen mode: deterministic

81 Bergy the Cudgeler (level 4, -1/28 HPs)
             Began as a Gargoyle Fighter on Dec 23, 2019.
             Killed from afar by Natasha (7 damage)
             ... with a magic dart
             ... on level 2 of the Dungeon.
             The game lasted 00:03:52 (1294 turns).

Bergy the Cudgeler (Gargoyle Fighter)               Turns: 1294, Time: 00:03:53

Health: -1/28      AC: 10    Str: 20    XL:     4   Next: 42%
Magic:  4/4        EV:  7    Int:  9    God:
Gold:   99         SH:  9    Dex:  9    Spells: 3/3 levels left

rFire    . . .     SeeInvis .   a - +0 flail
rCold    . . .     Gourm    .   c - +0 shield
rNeg     + . .     Faith    .   b - +0 scale mail
rPois    ∞         Spirit   .   (no helmet)
rElec    +         Reflect  .   (no cloak)
rCorr    .         Harm     .   (no gloves)
MR       .....                  (no boots)
Stlth    ..........             (no amulet)
HPRegen  0.09/turn              (no ring)
MPRegen  0.09/turn              (no ring)

@: no status effects
A: negative energy resistance 1, electricity resistance, unbreathing,
petrification resistance, rot immunity, AC +3
a: no special abilities


You were on level 2 of the Dungeon.
You were not hungry.

You visited 1 branch of the dungeon, and saw 2 of its levels.

You collected 99 gold pieces.

Inventory:

Hand Weapons
 a - a +0 flail (weapon)
Armour
 b - a +0 scale mail (worn)
 c - a +0 shield (worn)
 n - a +0 helmet
 p - a +1 chain mail of cold resistance
Jewellery
 q - an uncursed ring of magical power {unknown}
Scrolls
 e - 2 scrolls of immolation {unknown}
 g - 2 scrolls of teleportation {unknown}
 j - 2 scrolls of fear {unknown}
 k - a scroll of magic mapping {unknown}
 l - a scroll of enchant armour {unknown}
 m - a scroll of random uselessness {unknown}
Potions
 d - a potion of might
 i - a potion of heal wounds {unknown}
 o - a potion of agility {unknown}
Comestibles
 f - a ration
 h - a chunk of flesh


   Skills:
 - Level 3.2 Fighting
 * Level 4.5 Maces & Flails
 - Level 3.2 Armour
 - Level 3.2 Shields


You had 3 spell levels left.
You didn't know any spells.
Your spell library was empty.

Dungeon Overview and Level Annotations

Branches:
Dungeon (2/15)

Altars:

Annotations:
D:2 Natasha


Innate Abilities, Weirdness & Mutations

You are resistant to torment.
Your stone body is resilient. (AC +3)
You are immune to poison.
You resist negative energy. (rN+)
You are resistant to electric shocks. (rElec)
You can survive without breathing.
You are immune to petrification.
You are immune to rotting.


Message History

Natasha is lightly wounded.
Natasha claws you.
You closely miss Natasha.
Natasha is lightly wounded.
You block Natasha's attack.
You hit Natasha but do no damage.
Natasha is lightly wounded.
Natasha claws you.
* * * LOW HITPOINT WARNING * * *
Natasha mumbles some strange words.
You feel troubled. You block Natasha's attack.
You barely miss Natasha.
Natasha is lightly wounded.
Natasha barely misses you.
You completely miss Natasha.
Natasha is lightly wounded.
Natasha casts a spell at you. The magic dart hits you!
You die...

#.#####.# #.#
#########
#.......# #.#
######### #.#
#.# #####.#
#.....#
###.##..# ...
#..#########
#..#.....h@...#
#..#..)######.#
#.......# #.#
#......## #.#
#####.## #.#
#.# #.##### .#
#.# #.....# .#
##'## #####.# .
# ##>..## #.#


You could see Natasha.

Vanquished Creatures
  Natasha (D:2)
  2 adders (D:2)
  An ooze (D:2)
  A dart slug (D:2)
  A leopard gecko (D:2)
  7 bats (D:1)
  3 giant cockroaches
  3 hobgoblins
  A quokka (D:2)
  2 frilled lizards
  4 goblins
  3 kobolds
  2 rats (D:1)
31 creatures vanquished.

Notes
Turn   | Place    | Note
-------+----------+-------------------------------------------
     0 | D:1      | Bergy the Gargoyle Fighter began the quest for the Orb.
     0 | D:1      | Reached XP level 1. HP: 14/14 MP: 1/1
   235 | D:1      | Reached XP level 2. HP: 17/19 MP: 2/2
   466 | D:1      | Reached skill level 3 in Maces & Flails
   797 | D:2      | Reached XP level 3. HP: 17/23 MP: 3/3
   888 | D:2      | Noticed Natasha
   895 | D:2      | Killed Natasha
   895 | D:2      | Reached skill level 4 in Maces & Flails
   895 | D:2      | Reached XP level 4. HP: 21/28 MP: 4/4
  1278 | D:2      | Noticed Natasha
  1294 | D:2      | Killed from afar by Natasha

Levels and vault maps discovered:
D:1:      ncdulo_wetmaze, layout_loops_cross
D:2:      layout_loops_corners, uniq_natasha

Skill      XL: |  1  2  3 |
---------------+----------+-----
Maces & Flails | 3 4 |  4.5
Fighting       | |  3.2
Armour         | |  3.2
Shields        | |  3.2

Action                   |  1- 3 |  4- 6 || total
-------------------------+-------+-------++-------
Melee: Flail             |   110 |    66 ||   176
  Eat: Chunk             |       |     2 ||     2
Armor: Scale mail        |   103 |    19 ||   122
Dodge: Dodged            |    40 |    18 ||    58
Block: Shield            |    80 |    26 ||   106
